 Dungeon Crawl Stone Soup version 0.26-a0-720-g2a1d101370 (webtiles) character file.

Game seed: 18239470434480633792

12300 Gargoyl the Fighter (level 11, 0/89 HPs)
             Began as a Gnoll Abyssal Knight on Nov 2, 2020.
             Was a High Priest of Lugonu.
             Slain by an elephant (20 damage)
             ... on level 3 of the Lair of Beasts.
             The game lasted 00:15:08 (13543 turns).

Gargoyl the Fighter (Gnoll Abyssal Knight)         Turns: 13543, Time: 00:15:08

Health: 0/89       AC: 23    Str: 24    XL:     11   Next: 91%
Magic:  21/21      EV: 26    Int: 15    God:    Lugonu [*****.]
Gold:   505        SH:  0    Dex: 14    Spells: 23/23 levels left

rFire    . . .     SeeInvis .   g - +4 quarterstaff (chaos)
rCold    + . .     Faith    .   (shield currently unavailable)
rNeg     . . .     Spirit   .   o - +0 plate armour
rPois    .         Reflect  .   j - +2 helmet
rElec    .         Harm     .   E - +1 cloak {MR+}
rCorr    .         Rampage  .   m - +0 pair of gloves
MR       +....                  w - +1 pair of boots
Stlth    ..........             d - amulet of the acrobat
HPRegen  0.24/turn              f - ring of protection from cold
MPRegen  0.17/turn              y - +6 ring of strength

@: acrobat
A: distributed training, fangs 1, strong nose
a: Depart the Abyss, Bend Space, Banish, Corrupt, Enter the Abyss, Renounce
Religion


You were on level 3 of the Lair of Beasts.
You worshipped Lugonu.
Lugonu was extremely pleased with you.
You visited 2 branches of the dungeon, and saw 11 of its levels.
You visited the Abyss 1 time.
You also visited: Sewer and Ossuary.

You collected 505 gold pieces.

Inventory:

Hand Weapons
 a - a +2 hand axe
 g - a +4 quarterstaff of chaos (weapon)
Armour
 j - a +2 helmet (worn)
 m - a +0 pair of gloves (worn)
 o - a +0 plate armour (worn)
 w - a +1 pair of boots (worn)
 E - a +1 cloak of magic resistance (worn)
Jewellery
 d - an amulet of the acrobat (around neck)
 f - a ring of protection from cold (left hand)
 y - a +6 ring of strength (right hand)
 G - an uncursed ring of see invisible
Wands
 b - a wand of acid (1)
 c - a wand of random effects (14)
 e - a wand of polymorph (38)
 I - a wand of enslavement (6)
 M - a wand of paralysis (5)
Scrolls
 h - 3 scrolls of blinking
 l - 5 scrolls of remove curse
 q - a scroll of fear
 r - 6 scrolls of teleportation
 t - 6 scrolls of magic mapping
 v - a scroll of identify
Potions
 i - 4 potions of heal wounds
 k - 7 potions of curing
 n - 2 potions of lignification
 p - 4 potions of might
 s - 3 potions of brilliance
 u - a potion of magic
 x - a potion of haste
 z - 5 potions of mutation
 A - 5 potions of stabbing {unknown}
 B - a potion of ambrosia {unknown}
 C - 2 potions of flight {unknown}
 D - a potion of resistance {unknown}
 F - a potion of berserk rage {unknown}
 J - a potion of degeneration {unknown}
 K - 4 potions of invisibility {unknown}


   Skills:
 + Level 9.4 Fighting
 + Level 6.7 Short Blades
 + Level 6.7 Long Blades
 + Level 8.2 Axes
 + Level 6.7 Maces & Flails
 + Level 6.7 Polearms
 + Level 6.7 Staves
 + Level 6.7 Slings
 + Level 6.7 Bows
 + Level 6.7 Crossbows
 + Level 6.7 Throwing
 + Level 8.2 Armour
 + Level 7.3 Dodging
 + Level 6.7 Stealth
 + Level 6.7 Shields
 + Level 6.7 Unarmed Combat
 + Level 6.7 Spellcasting
 + Level 5.6 Conjurations
 + Level 5.6 Hexes
 + Level 5.6 Summonings
 + Level 5.6 Necromancy
 + Level 5.6 Translocations
 + Level 5.6 Transmutations
 + Level 5.6 Fire Magic
 + Level 5.6 Ice Magic
 + Level 5.6 Air Magic
 + Level 5.6 Earth Magic
 + Level 5.6 Poison Magic
 + Level 8.8 Invocations
 + Level 6.7 Evocations


You had 23 spell levels left.
You didn't know any spells.
Your spell library contained the following spells:

 Spells                   Type           Power        Failure   Level
 Magic Dart               Conj           ###.         17%         1
 Shock                    Conj/Air       ###.         17%         1
 Summon Small Mammal      Summ           ###.         17%         1
 Blink                    Tloc           N/A          26%         2
 Call Imp                 Summ           ###.....     26%         2
 Slow                     Hex            ###.....     26%         2
 Swiftness                Air            ###.....     26%         2
 Call Canine Familiar     Summ           ###.....     45%         3
 Conjure Flame            Conj/Fire      ###.....     45%         3
 Mephitic Cloud           Conj/Pois/Air  ###.....     45%         3
 Static Discharge         Conj/Air       ###.....     45%         3
 Summon Guardian Golem    Hex/Summ       ###.....     45%         3
 Airstrike                Air            ###.......   86%         4
 Summon Ice Beast         Ice/Summ       ###.....     86%         4
 Summon Lightning Spire   Summ/Air       ###.....     86%         4
 Lightning Bolt           Conj/Air       ###.......   99%         5


Dungeon Overview and Level Annotations

Branches:
Dungeon (8/15)             Temple (0/1) D:6            Lair (3/6) D:8
  Sewer (visited)         Ossuary (visited)
  Swamp: Lair:2-4    Shoals: Lair:2-4     Snake: Lair:2-4    Spider: Lair:2-4

Altars:
Ashenzari
Fedhas
Hepliaklqana
Qazlal
Vehumet
Zin
The Shining One

Shops:
D:7 =


Innate Abilities, Weirdness & Mutations

Your experience applies equally to all skills.
You have very sharp teeth.
Your uncanny sense of smell can sniff out nearby items.


Message History

The elephant tramples you but does no damage.
The elephant trunk-slaps you.
You sock the elephant!
The elephant goes berserk!
The elephant is moderately wounded.
The elephant tramples you!
You stumble backwards!
You sock the elephant!
The elephant seems to speed up.
The elephant is moderately wounded.
The elephant tramples you.
You stumble backwards!
You completely miss the elephant.
The elephant is moderately wounded.
The elephant tramples you.
* * * LOW HITPOINT WARNING * * *
You stumble backwards!
The elephant tramples you but does no damage.
The elephant trunk-slaps you.
* * * LOW HITPOINT WARNING * * *
The elephant completely misses you.
The elephant trunk-slaps you but does no damage.
The elephant tramples you!!
You die...

##...# #...#
#....## #...#
##....# #..<##
###...## ##...#
#.....# #..##
###...# ##..#
##.Y.# #P..#
##...Y# ##..###
#.#..@# #.....#
###...# ##..P##
##...## #...# ∆
#.....# ##..##
##...## #...#
##...# ##..#
#....######..#
###....#.##...##
#..............#


You could see 2 elephants.

Vanquished Creatures
  A hydra (Lair:1)
  An orb spider (Lair:2)
  An elephant (Lair:3)
  A black mamba (Lair:1)
  6 cane toads
  A komodo dragon (Lair:2)
  A jumping spider (D:8)
  6 blink frogs (Lair:2)
  7 yaks
  A steam dragon (D:8)
  3 basilisks
  Menkaure (D:7)
  A soldier ant (shapeshifter) (D:7)
  Duvessa (D:7)
  5 water moccasins
  An orc warrior (D:6)
  2 sky beasts
  An ice beast (D:6)
  2 black bears
  A phantom (D:5)
  3 centaurs
  5 wolves (Lair:2)
  An elf zombie (D:5)
  8 bullfrogs
  2 scorpions
  3 water moccasin zombies (Ossuary)
  Dowan (D:7)
  4 killer bees (D:8)
  A howler monkey (D:7)
  A bullfrog zombie (D:6)
  2 human zombies (D:5)
  5 hounds
  3 orc wizards
  2 orc priests
  An iguana (D:6)
  Crazy Yiuf (D:6)
  2 human skeletons (D:5)
  7 worker ants
  A killer bee zombie (D:6)
  2 big kobold zombies (Ossuary)
  A hound zombie (D:6)
  2 mummies (Ossuary)
  4 gnolls (D:3)
  11 adders
  4 river rats
  A shadow imp (D:5)
  An ooze (D:4)
  4 adder zombies (Ossuary)
  4 worms
  3 dart slugs
  4 leopard geckos
  11 orcs
  5 giant cockroaches
  5 hobgoblins
  5 jackals
  3 quokkas
  11 ball pythons (Sewer)
  7 bats
  5 frilled lizards
  3 gnoll zombies (Ossuary)
  10 goblins
  5 hobgoblin zombies (Ossuary)
  2 kobolds
  4 kobold zombies (Ossuary)
  A leopard gecko zombie (D:6)
  3 orc zombies
  33 rats
251 creatures vanquished.

Vanquished Creatures (others)
  8 fungi
  15 plants
23 creatures vanquished.

Grand Total: 274 creatures vanquished

Notes
Turn   | Place    | Note
-------+----------+-------------------------------------------
     0 | Abyss:1  | Gargoyl the Gnoll Abyssal Knight began the quest for the
                  | Orb.
     0 | Abyss:1  | Reached XP level 1. HP: 23/23 MP: 3/3
     3 | Abyss:2  | Found a corrupted altar of Lugonu.
    37 | Abyss:2  | Noticed a small abomination
    46 | Abyss:2  | Noticed a neqoxec
    50 | D:1      | Escaped the Abyss
   556 | D:1      | Reached * piety under Lugonu
   722 | D:1      | Reached XP level 2. HP: 24/29 MP: 5/5
  1106 | D:1      | Reached XP level 3. HP: 35/35 MP: 6/6
  1617 | D:2      | Reached skill level 1 in Short Blades
  1617 | D:2      | Reached skill level 1 in Long Blades
  1617 | D:2      | Reached skill level 1 in Maces & Flails
  1617 | D:2      | Reached skill level 1 in Polearms
  1617 | D:2      | Reached skill level 1 in Staves
  1617 | D:2      | Reached skill level 1 in Slings
  1617 | D:2      | Reached skill level 1 in Bows
  1617 | D:2      | Reached skill level 1 in Crossbows
  1617 | D:2      | Reached skill level 1 in Throwing
  1617 | D:2      | Reached skill level 1 in Stealth
  1617 | D:2      | Reached skill level 1 in Shields
  1617 | D:2      | Reached skill level 1 in Unarmed Combat
  1617 | D:2      | Reached skill level 1 in Spellcasting
  1617 | D:2      | Reached skill level 1 in Evocations
  1668 | D:2      | Reached ** piety under Lugonu
  1668 | D:2      | Reached XP level 4. HP: 35/41 MP: 7/7
  1801 | D:2      | You fall into a shaft and drop 1 floor!
  1851 | D:3      | Found a glowing drain.
  1860 | Sewer    | Entered a sewer
  1963 | Sewer    | Reached skill level 1 in Conjurations
  1963 | Sewer    | Reached skill level 1 in Hexes
  1963 | Sewer    | Reached skill level 1 in Summonings
  1963 | Sewer    | Reached skill level 1 in Necromancy
  1963 | Sewer    | Reached skill level 1 in Translocations
  1963 | Sewer    | Reached skill level 1 in Transmutations
  1963 | Sewer    | Reached skill level 1 in Fire Magic
  1963 | Sewer    | Reached skill level 1 in Ice Magic
  1963 | Sewer    | Reached skill level 1 in Air Magic
  1963 | Sewer    | Reached skill level 1 in Earth Magic
  1963 | Sewer    | Reached skill level 1 in Poison Magic
  2138 | Sewer    | Reached XP level 5. HP: 47/47 MP: 8/8
  2618 | Sewer    | Reached *** piety under Lugonu
  2618 | Sewer    | Reached skill level 5 in Invocations
  2618 | Sewer    | Reached XP level 6. HP: 33/53 MP: 9/9
  2618 | Sewer    | Reached skill level 5 in Axes
  2618 | Sewer    | Reached skill level 5 in Armour
  3177 | D:3      | Found a hazy altar of Hepliaklqana.
  3690 | D:3      | Reached XP level 7. HP: 59/59 MP: 10/10
  3792 | D:3      | Found a glowing golden altar of the Shining One.
  4167 | D:4      | Reached skill level 7 in Fighting
  4311 | D:4      | Found a radiant altar of Vehumet.
  4764 | D:5      | Entered Level 5 of the Dungeon
  4832 | D:5      | Found a stormy altar of Qazlal.
  4889 | D:5      | Found a sand-covered staircase.
  4915 | Ossuary  | Entered an ossuary
  5012 | Ossuary  | Reached **** piety under Lugonu
  5091 | Ossuary  | Reached XP level 8. HP: 58/67 MP: 12/12
  5939 | D:5      | Found a glowing silver altar of Zin.
  6414 | D:6      | Found a staircase to the Ecumenical Temple.
  6427 | D:6      | Reached ***** piety under Lugonu
  6489 | D:6      | Reached XP level 9. HP: 58/72 MP: 14/14
  7099 | D:6      | Found a runed translucent door.
  7100 | D:6      | Noticed Crazy Yiuf
  7453 | D:6      | Killed Crazy Yiuf
  7640 | D:7      | Found Donuv's Jewellery Shop.
  7684 | D:7      | Noticed Dowan
  7685 | D:7      | Noticed Duvessa
  7690 | D:7      | Killed Dowan
  7706 | D:6      | Reached skill level 5 in Dodging
  7738 | D:7      | Killed Duvessa
  7768 | D:7      | Found a blossoming altar of Fedhas.
  7799 | D:7      | Found a broken altar of Ashenzari.
  7802 | D:7      | Noticed Menkaure
  7810 | D:7      | Killed Menkaure
  7818 | D:7      | Reached skill level 8 in Fighting
  9264 | D:8      | Found a staircase to the Lair.
  9506 | Lair:1   | Entered Level 1 of the Lair of Beasts
  9573 | Lair:1   | Reached XP level 10. HP: 53/80 MP: 17/17
  9660 | D:8      | Reached skill level 5 in Short Blades
  9660 | D:8      | Reached skill level 5 in Long Blades
  9660 | D:8      | Reached skill level 5 in Maces & Flails
  9660 | D:8      | Reached skill level 5 in Polearms
  9660 | D:8      | Reached skill level 5 in Staves
  9660 | D:8      | Reached skill level 5 in Slings
  9660 | D:8      | Reached skill level 5 in Bows
  9660 | D:8      | Reached skill level 5 in Crossbows
  9660 | D:8      | Reached skill level 5 in Throwing
  9660 | D:8      | Reached skill level 5 in Stealth
  9660 | D:8      | Reached skill level 5 in Shields
  9660 | D:8      | Reached skill level 5 in Unarmed Combat
  9660 | D:8      | Reached skill level 5 in Spellcasting
  9660 | D:8      | Reached skill level 5 in Evocations
 10023 | Lair:1   | Noticed a cane toad
 10030 | Lair:1   | Killed a cane toad
 10065 | Lair:1   | Noticed a cane toad
 10067 | Lair:1   | Noticed a black mamba
 10075 | Lair:1   | Killed a black mamba
 10081 | Lair:1   | Killed a cane toad
 10297 | Lair:1   | Noticed a cane toad
 10297 | Lair:1   | Noticed a five-headed hydra
 10396 | D:8      | Killed a cane toad
 10526 | Lair:1   | Killed a five-headed hydra
 10630 | Lair:1   | Reached XP level 11. HP: 51/87 MP: 19/19
 11014 | Lair:1   | Reached skill level 9 in Fighting
 11200 | Lair:1   | Reached skill level 5 in Conjurations
 11200 | Lair:1   | Reached skill level 5 in Hexes
 11200 | Lair:1   | Reached skill level 5 in Summonings
 11200 | Lair:1   | Reached skill level 5 in Necromancy
 11200 | Lair:1   | Reached skill level 5 in Translocations
 11200 | Lair:1   | Reached skill level 5 in Transmutations
 11200 | Lair:1   | Reached skill level 5 in Fire Magic
 11200 | Lair:1   | Reached skill level 5 in Ice Magic
 11200 | Lair:1   | Reached skill level 5 in Air Magic
 11200 | Lair:1   | Reached skill level 5 in Earth Magic
 11200 | Lair:1   | Reached skill level 5 in Poison Magic
 12714 | Lair:2   | Noticed an eight-headed hydra
 12728 | Lair:2   | Banished an eight-headed hydra
 12737 | Lair:2   | HP: 3/89 [blink frog (8)]
 12748 | Lair:2   | Noticed an orb spider
 12748 | Lair:2   | a blink frog changed into an orb spider
 12965 | Lair:2   | Killed an orb spider
 13543 | Lair:3   | Slain by an elephant

Illustrated notes

Levels and vault maps discovered:
D:1:      sevenhm_arrival_forest_fort_large_2, layout_loops_corners
D:2:      layout_basic
D:3:      layout_loops_cross, marbit_many_paths, tso_altar,
          cheibrodos_sewer_entry_sluice
D:4:      layout_cave_pods, nicolae_overflow_crystal_walls
D:5:      layout_loops_ring, zin_scriptorium, grunt_qazlal_clouds,
          nicolae_ossuary_entry_catacombs
D:6:      layout_loops_ring, minmay_temple_entry_drinking_statues,
          uniq_crazy_yiuf_cottage
D:7:      layout_rooms, evilmike_ruin_ashenzari, lemuel_doored_altar,
          serial_shops, shop, uniq_duvessa, uniq_menkaure
D:8:      kennysheep_steamy, layout_basic, dpeg_oklobed_lair
Lair:1:   layout_small_grid, grunt_megastairs_2
Lair:2:   layout_roguey
Lair:3:   layout_long_grid, skrybe_swamp_entry_bodies, st_stairs_5,
          grunt_megastairs_1, minmay_lair_oklob_chamber

Skill      XL: |  1  2  3  4  5  6  7  8  9 10 11 |
---------------+----------------------------------+-----
Short Blades   | 1 2 3 4 5 6 |  6.7
Long Blades    | 1 2 3 4 5 6 |  6.7
Maces & Flails | 1 2 3 4 5 6 |  6.7
Polearms       | 1 2 3 4 5 6 |  6.7
Staves         | 1 2 3 4 5 6 |  6.7
Slings         | 1 2 3 4 5 6 |  6.7
Bows           | 1 2 3 4 5 6 |  6.7
Crossbows      | 1 2 3 4 5 6 |  6.7
Throwing       | 1 2 3 4 5 6 |  6.7
Stealth        | 1 2 3 4 5 6 |  6.7
Shields        | 1 2 3 4 5 6 |  6.7
Unarmed Combat | 1 2 3 4 5 6 |  6.7
Spellcasting   | 1 2 3 4 5 6 |  6.7
Evocations     | 1 2 3 4 5 6 |  6.7
Conjurations   | 1 2 3 4 5 |  5.6
Hexes          | 1 2 3 4 5 |  5.6
Summonings     | 1 2 3 4 5 |  5.6
Necromancy     | 1 2 3 4 5 |  5.6
Translocations | 1 2 3 4 5 |  5.6
Transmutations | 1 2 3 4 5 |  5.6
Fire Magic     | 1 2 3 4 5 |  5.6
Ice Magic      | 1 2 3 4 5 |  5.6
Air Magic      | 1 2 3 4 5 |  5.6
Earth Magic    | 1 2 3 4 5 |  5.6
Poison Magic   | 1 2 3 4 5 |  5.6
Dodging        | 3 4 5 6 7 |  7.3
Invocations    | 5 6 7 8 |  8.8
Axes           | 5 6 7 8 |  8.2
Armour         | 5 6 7 8 |  8.2
Fighting       | 7 8 9 |  9.4

Action                   |  1- 3 |  4- 6 |  7- 9 | 10-12 || total
-------------------------+-------+-------+-------+-------++-------
Melee: Hand axe          |    83 |   174 |   441 |       ||   698
       Bite              |     7 |    16 |    73 |    38 ||   134
       Punch             |     1 |     3 |     6 |       ||    10
       Quarterstaff      |       |       |   112 |   267 ||   379
Invok: Depart the Abyss  |     1 |       |       |       ||     1
       Bend Space        |       |       |     1 |     1 ||     2
       Banish            |       |       |       |     3 ||     3
Evoke: Wand              |     2 |       |     1 |     4 ||     7
  Use: Scroll            |     7 |       |    12 |    11 ||    30
       Potion            |       |       |     6 |     2 ||     8
 Stab: Paralysed         |       |       |       |     1 ||     1
Armor: Scale mail        |    32 |   125 |   185 |       ||   342
       Leather armour    |     1 |       |       |       ||     1
       Plate armour      |       |       |   133 |   221 ||   354
       Skin              |       |       |    20 |       ||    20
Dodge: Dodged            |    77 |   220 |   354 |   244 ||   895

Table legend: (Time is in decaauts)
 A = Elapsed time spent in this place.
 B = Non-inter-level travel time spent in this place.
 C = Inter-level travel time spent in this place.
 D = Time resting spent in this place.
 E = Time spent auto-exploring this place.
 F = Levels seen in this place.
 G = Mean time per level.
                   A        B        C        D        E       F      G
               +--------+--------+--------+--------+--------+-----+--------+
         Total |  13634 |  13255 |    379 |   3513 |   7221 |  15 |  908.9 |
       Dungeon |   8565 |   8218 |    347 |   1588 |   5139 |   8 | 1070.6 |
          Lair |   3633 |   3601 |     32 |   1154 |   1839 |   3 | 1211.0 |
         Abyss |     49 |     49 |      0 |      0 |     31 |   2 |   24.5 |
         Sewer |    976 |    976 |      0 |    622 |    152 |   1 |  976.0 |
       Ossuary |    410 |    410 |      0 |    149 |     59 |   1 |  410.0 |
               +--------+--------+--------+--------+--------+-----+--------+

Top non-repeatable levels by time:
  Lair:2: 1929 daAuts
     D:8: 1587 daAuts
  Lair:1: 1413 daAuts
     D:1: 1394 daAuts
     D:6: 1323 daAuts
     D:5: 1052 daAuts
     D:3: 1030 daAuts
   Sewer: 976 daAuts
     D:4: 940 daAuts
     D:7: 793 daAuts
     D:2: 442 daAuts
 Ossuary: 410 daAuts
  Lair:3: 289 daAuts
 Abyss:2: 46 daAuts
 Abyss:1: 3 daAuts
